 Dungeon Crawl Stone Soup version 0.30-a0-723-gc1506a1cf0 (webtiles) character file.

Game seed: 16451603504095388612

94 Absynth the Stinger (level 4, -1/24 HPs)
             Began as a Deep Elf Venom Mage on Jan 28, 2023.
             Killed by nerve-wracking pain
             ... invoked by an orc priest
              (11 damage)
             ... on level 2 of the Dungeon.
             The game lasted 00:07:30 (1981 turns).

Absynth the Stinger (Deep Elf Venom Mage)           Turns: 1981, Time: 00:07:30

Health: -1/24      AC:  2    Str:  5    XL:     4   Next: 38%
Magic:  1/11       EV: 12    Int: 22    God:
Gold:   59         SH:  0    Dex: 15    Spells: 4/10 levels left

rFire   . . .      SeeInvis .    q - +1 dagger (venom)
rCold   . . .      Faith    .    (no shield)
rNeg    . . .      Spirit   .    a - +0 robe
rPois   .          Reflect  .    (no helmet)
rElec   .          Harm     .    (no cloak)
rCorr   .          Rampage  .    (no gloves)
Will    .....                    (no boots)
Stlth   ++                       (no amulet)
HPRegen 0.24/turn                (no ring)
MPRegen 0.12/turn                (no ring)

@: very slightly contaminated
A: no striking features
a: no special abilities


You were on level 2 of the Dungeon.
You visited 1 branch of the dungeon, and saw 2 of its levels.

You collected 59 gold pieces.

Inventory:

Hand Weapons
 h - a +2 spear of freezing
 q - a +1 dagger of venom (weapon)
Armour
 a - a +0 robe (worn)
 g - a +0 helmet
Jewellery
 e - an amulet of faith
 o - a ring of ice
Scrolls
 c - a scroll of immolation {unknown}
 f - a scroll of identify {unknown}
 i - 3 scrolls of magic mapping {unknown}
 j - 2 scrolls of enchant armour {unknown}
 k - a scroll of torment {unknown}
 m - a scroll of teleportation {unknown}
 n - a scroll of summoning {unknown}
 p - a scroll of silence {unknown}
 s - a scroll of fog {unknown}
Potions
 b - a potion of magic
 d - a potion of might {unknown}
 l - 3 potions of curing {unknown}
 r - a potion of resistance {unknown}


   Skills:
 - Level 2.4 Dodging
 - Level 2.4 Stealth
 + Level 3.8 Spellcasting
 * Level 2.0 Conjurations
 * Level 2.4 Transmutations
 * Level 1.1 Air Magic
 + Level 3.8 Poison Magic


You had 4 spell levels left.
You knew the following spells:

 Your Spells              Type           Power      Damage    Failure   Level
a - Sting                 Tmut/Pois      72%        1d6       3%          1
c - Mephitic Cloud        Conj/Pois/Air  14%        N/A       13%         3
v - Poisonous Vapours     Pois/Air       30%        N/A       6%          2

Your spell library contained the following spells:

 Spells                   Type           Power      Damage    Failure   Level
 Momentum Strike          Conj/Tloc      16%        3d8       12%         2
 Blink                    Tloc           8%         N/A       17%         2
 Lesser Beckoning         Tloc           8%         N/A       17%         2
 Olgreb's Toxic Radiance  Pois           21%        N/A       22%         4


Dungeon Overview and Level Annotations

Branches:
Dungeon (2/15)

Altars:


Message History

Aiming: Poisonous Vapours (safe; 6% risk of failure)
Press: ? - help, Dir - move target, f/p - orc priest
Aim: an orc priest, wielding a +0 war axe Poisonous vapours surround the orc priest!
The orc priest is poisoned.
Casting: Poisonous Vapours (safe; 6% risk of failure)
Confirm with . or Enter, or press ? or * to list all spells.
Aiming: Poisonous Vapours (safe; 6% risk of failure)
Press: ? - help, Dir - move target, f/p - orc priest
Aim: an orc priest, wielding a +0 war axe (poisoned) Poisonous vapours surround the orc priest!
The orc priest looks even sicker.
Casting: Poisonous Vapours (safe; 6% risk of failure)
Confirm with . or Enter, or press ? or * to list all spells.
Aiming: Sting (safe; 3% risk of failure)
Press: ? - help, Shift-Dir - straight line, f/p - orc priest
Aim: an orc priest, wielding a +0 war axe (very poisoned, 74% to hit)
The sting misses the orc priest.
The orc priest invokes the aid of Beogh against you.
Beogh smites you!
Ouch! That really hurt!
* * * LOW HITPOINT WARNING * * *
Casting: Sting (safe; 3% risk of failure)
Confirm with . or Enter, or press ? or * to list all spells.
Aiming: Sting (safe; 3% risk of failure)
Press: ? - help, Shift-Dir - straight line, f/p - orc priest
Aim: an orc priest, wielding a +0 war axe (very poisoned, 74% to hit)
You miscast Sting.
Nothing appears to happen.
Casting: Sting (safe; 3% risk of failure)
Confirm with . or Enter, or press ? or * to list all spells.
Aiming: Poisonous Vapours (safe; 6% risk of failure)
Press: ? - help, Dir - move target, f/p - orc priest
Aim: an orc priest, wielding a +0 war axe (very poisoned) Poisonous vapours surround the orc priest!
The orc priest looks even sicker.
The orc priest barely misses you.
You hit the orc priest.
The orc priest is moderately wounded.
The orc priest invokes the aid of Beogh against you.
Pain shoots through your body!
You die...

...###.....#####
##......#......# .#
####.#.##.###..#.### #
#(..#.##.####o....
###.###.....o.o.... ....#
####..#####.# ..###
##.#####.# .## #...##o># ..
...# ###...@# #.# ##.#
##..### #.# .#.# #...# #.# .#
# ##...######.# .#
###..#......#.# .## #
##...#######.#.## ..# .
....).# #....##
....#####.##.########...#####
.##.......##..#.............#


You could see an orc priest (very poisoned).

Vanquished Creatures
  An orc wizard (D:2)
  A gnoll (D:1)
  An adder (D:2)
  A worm (D:2)
  A dart slug (D:1)
  2 orcs (D:2)
  4 ball pythons
  7 endoplasms
  3 giant cockroaches
  3 goblins
  2 hobgoblins (D:1)
  2 quokkas (D:1)
  3 bats
  2 frilled lizards (D:2)
  4 kobolds
  5 rats
42 creatures vanquished.

Notes
Turn   | Place    | Note
-------+----------+-------------------------------------------
     0 | D:1      | Absynth the Deep Elf Venom Mage began the quest for the
                  | Orb.
     0 | D:1      | Reached XP level 1. HP: 10/10 MP: 6/6
   153 | D:1      | Reached XP level 2. HP: 15/15 MP: 4/8
   157 | D:1      | Reached skill level 1 in Conjurations
   466 | D:1      | Reached XP level 3. HP: 19/19 MP: 8/10
   567 | D:1      | Learned a level 2 spell: Poisonous Vapours
   571 | D:1      | Learned a level 3 spell: Mephitic Cloud
  1483 | D:2      | Reached skill level 1 in Air Magic
  1483 | D:2      | Reached XP level 4. HP: 22/24 MP: 3/11
  1981 | D:2      | Killed from afar by an orc priest

Illustrated notes

Levels and vault maps discovered:
D:1:      arrival_zaba_pyramid, layout_basic, minmay_box_of_dots
D:2:      layout_rooms, minmay_heptomino_d4

Skill      XL: |  1  2  3  4 |
---------------+-------------+-----
Conjurations   | 1 2 |  2.0
Transmutations | 2 |  2.4
Air Magic      | 1 |  1.1
Dodging        | |  2.4
Stealth        | |  2.4
Spellcasting   | |  3.8
Poison Magic   | |  3.8

Action                     |  1- 3 |  4- 6 || total
---------------------------+-------+-------++-------
  Melee: Spear             |    28 |     9 ||    37
         Punch             |     1 |       ||     1
         Dagger            |       |     5 ||     5
   Cast: Sting             |    32 |    12 ||    44
         Poisonous Vapours |    17 |    14 ||    31
         Mephitic Cloud    |     2 |       ||     2
 Armour: Robe              |     3 |     2 ||     5
  Dodge: Dodged            |    16 |    17 ||    33

Table legend: (Time is in decaauts)
 A = Elapsed time spent in this place.
 B = Non-inter-level travel time spent in this place.
 C = Inter-level travel time spent in this place.
 D = Time resting spent in this place.
 E = Time spent auto-exploring this place.
 F = Levels seen in this place.
 G = Mean time per level.
                   A        B        C        D        E       F      G
               +--------+--------+--------+--------+--------+-----+--------+
         Total |   1984 |   1890 |     94 |    155 |   1399 |   2 |  992.0 |
       Dungeon |   1984 |   1890 |     94 |    155 |   1399 |   2 |  992.0 |
               +--------+--------+--------+--------+--------+-----+--------+

Top non-repeatable levels by time:
     D:1: 1387 daAuts
     D:2: 597 daAuts
